 Dungeon Crawl Stone Soup version 0.22-a0-142-g91cc6d7 (webtiles) character file.

334 4thArraOfDagon the Bolt Thrower (level 6, -3/43 HPs)
             Began as a Formicid Arcane Marksman on Feb 5, 2018.
             Slain by a hippogriff (8 damage)
             ... on level 7 of the Dungeon.
             The game lasted 00:04:01 (656 turns).

4thArraOfDagon the Bolt Thrower (FoAM)               Turns: 656, Time: 00:04:02

Health: -3/43      AC:  8    Str: 14    XL:     6   Next: 83%
Magic:  7/7        EV:  6    Int: 15    God:
Gold:   125        SH:  0    Dex: 11    Spells: 6/7 levels left

rFire    . . .     SeeInvis +   a - +0 hand crossbow
rCold    . . .     Gourm    .   (no shield)
rNeg     . . .     Faith    .   j - +0 chain mail
rPois    +         Spirit   .   (helmet unavailable)
rElec    .         Reflect  .   (no cloak)
rCorr    .         Harm     .   (no gloves)
MR       .....                  (no boots)
Stlth    ..........             (no amulet)
HPRegen  0.14/turn              n - ring of poison resistance
MPRegen  0.10/turn              (no ring)

@: no status effects
A: permanent stasis, dig shafts and tunnels, four strong arms, antennae 3
a: Dig, Shaft Self


You were on level 7 of the Dungeon.
You were not hungry.

You visited 1 branch of the dungeon, and saw 6 of its levels.

You collected 125 gold pieces.

Inventory:

Hand Weapons
 a - a +0 hand crossbow (weapon)
Missiles
 d - 9 bolts (quivered)
 h - a throwing net
Armour
 e - a +0 robe
 j - a +0 chain mail (worn)
Magical Staves
 b - an uncursed staff of fire {unknown}
Jewellery
 n - a ring of poison resistance (left hand)
Wands
 i - a wand of digging (14)
 m - a wand of scattershot (2)
Scrolls
 g - a scroll of remove curse
Potions
 k - a potion of agility
Books
 c - a book of Debilitation

   Spells                             Type                      Level
   a - Corona                         Hexes                        1
   b - Slow                           Hexes                        2
   c - Inner Flame                    Hexes/Fire                   3
   d - Portal Projectile              Hexes/Translocation          3
   e - Cause Fear                     Hexes                        4
   f - Leda's Liquefaction            Hexes/Earth                  4
Comestibles
 f - 3 rations
 o - 3 chunks of flesh


   Skills:
 - Level 1.1 Fighting
 * Level 6.7 Crossbows
 - Level 1.7 Dodging
 - Level 1.1 Spellcasting
 - Level 3.6 Hexes


You had 6 spell levels left.
You knew the following spells:

 Your Spells              Type           Power        Failure   Level  Hunger
a - Corona                Hex            ##.....      86%         1    ##.....


Dungeon Overview and Level Annotations

Branches:
Dungeon (7/15)
 Temple: D:4-7

Altars:
Fedhas


Innate Abilities, Weirdness & Mutations

You cannot be hasted, slowed, berserked, paralysed or teleported.
You can dig through walls and to a lower floor.
Your four strong arms can wield two-handed weapons with a shield.
You have a pair of large antennae on your head. (SInv)


Message History

The orc priest hits you with a club.
* * * LOW HITPOINT WARNING * * *
Unknown command.
Unknown command.
Unknown command.
The orc priest miscasts a cantrip.
Unknown command.
Unknown command.
Unknown command.
Unknown command.
The bullfrog zombie hits you but does no damage.
Unknown command.
Found 9 gold pieces.
Unknown command.
You extend your mandibles.
You dig through the rock wall.
Unknown command.
Unknown command.
You dig through the rock wall.
The hippogriff bites you!
You die...

#. #.......... #.#
#.......... #### #.#
##.........
#....##.###..........
#....................
#.........#..........
#>..##.........(...
###..o..#..........
#@##Z..#...<....##
##H#.#...#.......#
##Z.....#...###..
#.#........# ##
..#..........
........####...
{..#.....# ##. ##..
$....# ... .##...


You could see a hippogriff, an orc priest and a bullfrog zombie.

Vanquished Creatures
  A black bear (D:6)
  A scorpion (D:7)
  2 orc priests (D:6)
  An orc wizard (D:6)
  2 bullfrog skeletons
  A worker ant (D:6)
  An adder (D:4)
  An adder skeleton (D:7)
  An adder zombie (D:6)
  A leopard gecko (D:2)
  An orc (D:6)
  A bat (D:2)
  A giant cockroach (D:2)
  2 hobgoblins (D:2)
  A kobold (D:1)
  A leopard gecko zombie (D:6)
  A rat (D:2)
20 creatures vanquished.

Notes
Turn   | Place    | Note
-------+----------+-------------------------------------------
     0 | D:1      | 4thArraOfDagon the Formicid Arcane Marksman began the quest for the Orb.
     0 | D:1      | Reached XP level 1. HP: 15/15 MP: 2/2
    31 | D:1      | You fall through a shaft!
    81 | D:2      | Found a blossoming altar of Fedhas.
    99 | D:2      | Reached XP level 2. HP: 21/21 MP: 3/3
   160 | D:2      | You fall through a shaft for 2 floors!
   167 | D:4      | Reached skill level 3 in Crossbows
   195 | D:4      | Reached XP level 3. HP: 6/26 MP: 4/4
   291 | D:5      | Entered Level 5 of the Dungeon
   322 | D:6      | Reached skill level 4 in Crossbows
   322 | D:6      | Reached XP level 4. HP: 20/32 MP: 5/5
   354 | D:6      | Reached XP level 5. HP: 20/37 MP: 6/6
   376 | D:6      | Noticed a black bear
   381 | D:6      | You fall through a shaft!
   480 | D:7      | Reached skill level 5 in Crossbows
   529 | D:7      | Noticed a hippogriff
   544 | D:6      | Reached XP level 6. HP: 24/43 MP: 7/7
   559 | D:6      | Reached skill level 6 in Crossbows
   568 | D:6      | Killed a black bear
   656 | D:7      | Slain by a hippogriff

Vault maps used:
D:1:      dpeg_arrival_rooms_with_view, hangedman_decor_growths,
          serial_park_tiny_pond
D:2:      lemuel_upstairs_altar, minivault_26, fedhas_altar_1
D:5:      lemuel_coloured_pillars_altar, temple_hall, first_ration,
          kennysheep_pointless_box, fountainhead, uniq_edmund,
          uniq_prince_ribbit1, uniq_crazy_yiuf_cottage, uniq_grinder,
          uniq_sigmund
D:6:      cheibrodos_thug_alley, serial_shops, nicolae_shop_crystal,
          corexii_checkpoint_b

Skill      XL: |  1  2  3  4  5  6 |
---------------+-------------------+-----
Crossbows      | 3 4 5 6 |  6.7
Fighting       | |  1.1
Dodging        | |  1.7
Spellcasting   | |  1.1
Hexes          | |  3.6

Action                   |  1- 3 |  4- 6 || total
-------------------------+-------+-------++-------
 Fire: Hand crossbow     |    30 |    49 ||    79
 Abil: Dig               |     3 |     3 ||     6
       Shaft Self        |     2 |     1 ||     3
Evoke: Wand              |       |     1 ||     1
  Use: Potion            |     1 |     3 ||     4
       Scroll            |     3 |     1 ||     4
  Eat: Chunk             |       |     1 ||     1
Armor: Robe              |     2 |       ||     2
       Chain mail        |     1 |    21 ||    22
Dodge: Dodged            |     9 |    12 ||    21

Table legend:
 A = Spawn XP
 B = Non-spawn XP
 C = Spawn XP percentage of total XP
 D = Spawn monster count
 E = Non-spawn monster count
 F = Spawn count percentage of total count
 G = Total turns spent on level
                    A         B        C        D         E        F      G
               +---------+---------+-------+---------+---------+-------+---------
         Total |       0 |     478 |   0.0 |       0 |      20 |   0.0 |   656
               +---------+---------+-------+---------+---------+-------+---------
           D:1 |       0 |       1 |   0.0 |       0 |       1 |   0.0 |    31
           D:2 |       0 |      12 |   0.0 |       0 |       6 |   0.0 |   129
           D:4 |       0 |      52 |   0.0 |       0 |       2 |   0.0 |   131
           D:6 |       0 |     335 |   0.0 |       0 |       9 |   0.0 |   170
           D:7 |       0 |      78 |   0.0 |       0 |       2 |   0.0 |   171
               +---------+---------+-------+---------+---------+-------+---------
